| TOP OF THE 1ST |
|
Louisiana State University Tigers batting - Pitching for Florida State University Seminoles : RHP Adam Savage
|
|
Pitching: RHP Adam Savage
|
|
|
Batting: RHB Scott Talbot
|
0-0: Ball 1-0: Swinging Strike 1-1: Ball 2-1: Foul Ball, location: 2F 2-2: SINGLE (Groundball, 34D, EV 98.1 MPH)
|
|
Batting: LHB Lourens Aukema
|
0-0: Called Strike 0-1: DOUBLE (Line Drive, 8RXD, EV 112.5 MPH) Scott Talbot to third
|
|
Batting: RHB Fate Makeever
|
0-0: Foul Ball, location: 2F 0-1: Ball 1-1: Swinging Strike 1-2: Strikes out looking
|
|
Batting: LHB Bob Govella
|
0-0: Called Strike 0-1: Foul Ball, location: 2F 0-2: Ball 1-2: Ball 2-2: Foul Ball, location: 2F 2-2: Ball 3-2: DOUBLE (Line Drive, 78XD, EV 107.5 MPH) Scott Talbot scores Lourens Aukema scores
|
|
Batting: RHB Brad Adams Jr.
|
0-0: Ball 1-0: Ball 2-0: SINGLE (Line Drive, 4MD, EV 98.1 MPH) Bob Govella to third
|
|
Batting: RHB Jwahir Pili
|
0-0: Called Strike 0-1: Ball 1-1: Fielders Choice at 2nd, 6-4 (Groundball, 6, EV 78.8 MPH) Bob Govella scores
|
|
Batting: SHB Jose Melendez
|
0-0: Ball 1-0: Called Strike 1-1: Ball 2-1: Foul Ball, location: 2F 2-2: Foul Ball, location: 2F 2-2: Ground out 4-3 (Groundball, 4, EV 80.6 MPH)
|
| Top of the 1st over - 3 runs, 4 hits, 0 errors, 1 left on base; Louisiana State University 3 - Florida State University 0 |
| BOTTOM OF THE 1ST |
|
Florida State University Seminoles batting - Pitching for Louisiana State University Tigers : RHP David Lopez
|
|
Pitching: RHP David Lopez
|
|
|
Batting: RHB Paul Holland
|
0-0: Foul Ball, location: 2F 0-1: Ground out 5-3 (Groundball, 25, EV 90.0 MPH)
|
|
Batting: RHB Yutaka Yamane
|
0-0: Called Strike 0-1: SINGLE (Groundball, 56D, EV 95.6 MPH)
|
|
Batting: LHB Raul Maldonado
|
0-0: Called Strike 0-1: Ball 1-1: Called Strike 1-2: SINGLE (Flyball, 34D, EV 85.0 MPH) Yutaka Yamane to second
|
|
Batting: RHB Manny Hensley
|
0-0: Ball 1-0: Ball 2-0: Ball 3-0: Called Strike 3-1: Called Strike 3-2: Foul Ball, location: 2F 3-2: Base on Balls Yutaka Yamane to third Raul Maldonado to second
|
|
Batting: RHB Mark Conrad
|
0-0: Ball 1-0: Fielders Choice at 2nd, 5-4 (Groundball, 56, EV 90.0 MPH) Yutaka Yamane scores Raul Maldonado to third
|
|
Batting: LHB Bill Girton
|
0-0: Called Strike 0-1: Ball 1-1: Ball 2-1: Called Strike 2-2: Foul Ball, location: 2F 2-2: SINGLE (Groundball, 56, EV 101.9 MPH) Raul Maldonado scores Mark Conrad to second
|
|
Batting: RHB Israel Quinteros
|
0-0: Ball 1-0: Ball 2-0: Swinging Strike 2-1: Foul Ball, location: 2F 2-2: Strikes out swinging
|
| Bottom of the 1st over - 2 runs, 3 hits, 0 errors, 2 left on base; Louisiana State University 3 - Florida State University 2 |
| TOP OF THE 2ND |
|
Louisiana State University Tigers batting - Pitching for Florida State University Seminoles : RHP Adam Savage
|
|
Batting: RHB Dennis Cox
|
0-0: DOUBLE (Groundball, 5L, EV 98.8 MPH)
|
|
Batting: RHB Franklin van den Berg
|
0-0: Fly out, F8 (Flyball, 8LD, EV 98.1 MPH) Runner from 2nd tags up, OUT at 3rd! 8-5
|
|
Batting: RHB Scott Talbot
|
0-0: Foul Ball, location: 2F 0-1: Foul Ball, location: 2F 0-2: SOLO HOME RUN (Flyball, 8LXD, EV 106.9 MPH), Distance : 435 ft
|
|
Batting: LHB Lourens Aukema
|
0-0: Ball 1-0: Ball 2-0: Called Strike 2-1: Ball 3-1: Swinging Strike 3-2: Foul Ball, location: 2F 3-2: Foul Ball, location: 2F 3-2: Fly out, F7 (Line Drive, 7, EV 93.8 MPH)
|
| Top of the 2nd over - 1 run, 2 hits, 0 errors, 0 left on base; Louisiana State University 4 - Florida State University 2 |
| BOTTOM OF THE 2ND |
|
Florida State University Seminoles batting - Pitching for Louisiana State University Tigers : RHP David Lopez
|
|
Batting: RHB Jeremy Buck
|
0-0: Ball 1-0: Ball 2-0: Swinging Strike 2-1: Foul Ball, location: 2F 2-2: Ball 3-2: Foul Ball, location: 2F 3-2: Fly out, F7 (Flyball, 78S, EV 90.6 MPH)
|
|
Batting: RHB Bob Buckler
|
0-0: Ball 1-0: Called Strike 1-1: Swinging Strike 1-2: Ground out U3 (Groundball, 34S, EV 84.4 MPH)
|
|
Batting: RHB Paul Holland
|
0-0: Foul Ball, location: 2F 0-1: Called Strike 0-2: SINGLE (Groundball, 56D, EV 100.0 MPH)
|
|
Batting: RHB Yutaka Yamane
|
0-0: Swinging Strike 0-1: Called Strike 0-2: Foul Ball, location: 2F 0-2: SINGLE (Line Drive, 7S, EV 105.6 MPH) Paul Holland to second
|
|
Batting: LHB Raul Maldonado
|
0-0: Ball 1-0: Fielders Choice at 2nd, 6-4 (Groundball, 6, EV 81.2 MPH)
|
| Bottom of the 2nd over - 0 runs, 2 hits, 0 errors, 2 left on base; Louisiana State University 4 - Florida State University 2 |
| TOP OF THE 3RD |
|
Louisiana State University Tigers batting - Pitching for Florida State University Seminoles : RHP Adam Savage
|
|
Batting: RHB Fate Makeever
|
0-0: Ball 1-0: Called Strike 1-1: Fly out, F7 (Flyball, 78M, EV 90.0 MPH)
|
|
Batting: LHB Bob Govella
|
0-0: Called Strike 0-1: Ball 1-1: Ball 2-1: Ball 3-1: Foul Ball, location: 2F 3-2: Base on Balls
|
|
Batting: RHB Brad Adams Jr.
|
0-0: Ball 1-0: Ball 2-0: Foul Ball, location: 2F 2-1: Grounds into double play, 6-4-3 (Groundball, 6, EV 104.4 MPH)
|
| Top of the 3rd over - 0 runs, 0 hits, 0 errors, 0 left on base; Louisiana State University 4 - Florida State University 2 |
| BOTTOM OF THE 3RD |
|
Florida State University Seminoles batting - Pitching for Louisiana State University Tigers : RHP David Lopez
|
|
Batting: RHB Manny Hensley
|
0-0: Swinging Strike 0-1: Ball 1-1: Ball 2-1: Foul Ball, location: 2F 2-2: Foul Ball, location: 2F 2-2: Ball 3-2: Foul Ball, location: 2F 3-2: Foul Ball, location: 2F 3-2: Foul Ball, location: 2F 3-2: SINGLE (Line Drive, 9S, EV 100.0 MPH)
|
|
Batting: RHB Mark Conrad
|
0-0: Ball 1-0: 2-RUN HOME RUN (Flyball, 7LD, EV 95.0 MPH), Distance : 345 ft
|
|
Batting: LHB Bill Girton
|
0-0: Ball 1-0: Foul Ball, location: 2F 1-1: DOUBLE (Flyball, 8RXD, EV 111.9 MPH)
|
|
Batting: RHB Israel Quinteros
|
0-0: Ball 1-0: Fly out, F9 (Flyball, 9D, EV 102.5 MPH) Runner from 2nd tags up, SAFE at 3rd, no throw by RF
|
|
Batting: RHB Jeremy Buck
|
0-0: Foul Ball, location: 2F 0-1: Foul Ball, location: 2F 0-2: Foul Ball, location: 2F 0-2: Ball 1-2: Foul Ball, location: 2F 1-2: Ball 2-2: Ground out 2-3 (Groundball, 13S, EV 68.1 MPH)
|
|
Batting: RHB Bob Buckler
|
0-0: Called Strike 0-1: Ball 1-1: Called Strike 1-2: Foul Ball, location: 2F 1-2: Ball 2-2: Fly out, F4 (Line Drive, 4, EV 71.2 MPH)
|
| Bottom of the 3rd over - 2 runs, 3 hits, 0 errors, 1 left on base; Louisiana State University 4 - Florida State University 4 |
| TOP OF THE 4TH |
|
Louisiana State University Tigers batting - Pitching for Florida State University Seminoles : RHP Adam Savage
|
|
Batting: RHB Jwahir Pili
|
0-0: Ground out 4-3 (Groundball, 13, EV 85.0 MPH)
|
|
Batting: SHB Jose Melendez
|
0-0: Ball 1-0: SINGLE (Groundball, 34D, EV 104.4 MPH)
|
|
Batting: RHB Dennis Cox
|
0-0: Ball Jose Melendez steals 2nd base 1-0: Ball 2-0: Ground out 5-3 (Groundball, 56S, EV 85.0 MPH)
|
|
Batting: RHB Franklin van den Berg
|
0-0: Ball 1-0: Called Strike 1-1: Fly out, F4 (Flyball, 34D, EV 87.5 MPH)
|
| Top of the 4th over - 0 runs, 1 hit, 0 errors, 1 left on base; Louisiana State University 4 - Florida State University 4 |
| BOTTOM OF THE 4TH |
|
Florida State University Seminoles batting - Pitching for Louisiana State University Tigers : RHP David Lopez
|
|
Batting: RHB Paul Holland
|
0-0: Ball 1-0: Ball 2-0: Ball 3-0: Base on Balls
|
|
Batting: RHB Yutaka Yamane
|
0-0: Ball 1-0: Called Strike 1-1: Ball 2-1: Ball 3-1: Fielders Choice at 2nd, 6-4 (Groundball, 6, EV 98.8 MPH)
|
|
Batting: LHB Raul Maldonado
|
0-0: Ball 1-0: Ball 2-0: Called Strike 2-1: Ball 3-1: Fly out, F8 (Flyball, 8RS, EV 93.8 MPH)
|
|
Batting: RHB Manny Hensley
|
0-0: Ball 1-0: Foul Ball, location: 2F 1-1: Foul Ball, location: 2F 1-2: Ball 2-2: Foul Ball, location: 2F 2-2: Strikes out swinging, 2-3 out at first.
|
| Bottom of the 4th over - 0 runs, 0 hits, 0 errors, 1 left on base; Louisiana State University 4 - Florida State University 4 |
| TOP OF THE 5TH |
|
Louisiana State University Tigers batting - Pitching for Florida State University Seminoles : RHP Adam Savage
|
|
Batting: RHB Scott Talbot
|
0-0: Ball 1-0: Called Strike 1-1: Swinging Strike 1-2: Ball 2-2: Foul Ball, location: 2F 2-2: Strikes out swinging
|
|
Batting: LHB Lourens Aukema
|
0-0: Foul Ball, location: 2F 0-1: Ball 1-1: Ground out U3 (Groundball, 3, EV 88.1 MPH)
|
|
Batting: RHB Fate Makeever
|
0-0: Ball 1-0: Ball 2-0: Ball 3-0: Called Strike 3-1: Called Strike 3-2: Base on Balls
|
|
Batting: LHB Bob Govella
|
0-0: Ball 1-0: Ball 2-0: Called Strike Fate Makeever steals 2nd base 2-1: Swinging Strike 2-2: SINGLE (Groundball, 4MS, EV 68.8 MPH) (infield hit) Fate Makeever to third
|
|
Batting: RHB Brad Adams Jr.
|
0-0: Swinging Strike 0-1: Ball 1-1: Ball Bob Govella is caught stealing 2nd base 2-4
|
| Top of the 5th over - 0 runs, 1 hit, 0 errors, 1 left on base; Louisiana State University 4 - Florida State University 4 |
| BOTTOM OF THE 5TH |
|
Florida State University Seminoles batting - Pitching for Louisiana State University Tigers : RHP David Lopez
|
|
Pitching: RHP Jesus Castro
|
|
|
Batting: RHB Mark Conrad
|
0-0: Called Strike 0-1: Called Strike 0-2: Ball 1-2: Foul Ball, location: 2F 1-2: Fly out, F9 (Flyball, 9LM, EV 90.0 MPH)
|
|
Batting: LHB Bill Girton
|
0-0: Ball 1-0: Called Strike 1-1: Swinging Strike 1-2: Ball 2-2: Foul Ball, location: 2F 2-2: Ground out U3 (Groundball, 3S, EV 83.8 MPH)
|
|
Batting: RHB Israel Quinteros
|
0-0: Ball 1-0: Ball 2-0: Foul Ball, location: 2F 2-1: SINGLE (Groundball, 6M, EV 83.8 MPH) (infield hit)
|
|
Batting: RHB Jeremy Buck
|
0-0: Called Strike 0-1: Called Strike 0-2: Ball 1-2: Strikes out swinging
|
| Bottom of the 5th over - 0 runs, 1 hit, 0 errors, 1 left on base; Louisiana State University 4 - Florida State University 4 |
| TOP OF THE 6TH |
|
Louisiana State University Tigers batting - Pitching for Florida State University Seminoles : RHP Adam Savage
|
|
Pitching: RHP Bobby Altamirano
|
|
|
Batting: RHB Brad Adams Jr.
|
0-0: Ball 1-0: Called Strike 1-1: Called Strike 1-2: Ball 2-2: Ball 3-2: Strikes out swinging
|
|
Batting: RHB Jwahir Pili
|
0-0: Ball 1-0: Called Strike 1-1: Ball 2-1: Foul Ball, location: 2F 2-2: Ball 3-2: Strikes out swinging
|
|
Batting: SHB Jose Melendez
|
0-0: SINGLE (Flyball, 3D, EV 88.1 MPH)
|
|
Batting: RHB Dennis Cox
|
0-0: Foul Ball, location: 2F 0-1: Called Strike Jose Melendez steals 2nd base 0-2: Strikes out swinging
|
| Top of the 6th over - 0 runs, 1 hit, 0 errors, 1 left on base; Louisiana State University 4 - Florida State University 4 |
| BOTTOM OF THE 6TH |
|
Florida State University Seminoles batting - Pitching for Louisiana State University Tigers : RHP Jesus Castro
|
|
Batting: RHB Bob Buckler
|
0-0: Called Strike 0-1: Ground out U3 (Groundball, 3L, EV 100.6 MPH)
|
|
Batting: RHB Paul Holland
|
0-0: Ball 1-0: Foul Ball, location: 2F 1-1: Foul Ball, location: 2F 1-2: Ground out 5-3 (Groundball, 25, EV 79.4 MPH)
|
|
Batting: RHB Yutaka Yamane
|
0-0: Called Strike 0-1: DOUBLE (Line Drive, 7LS, EV 107.5 MPH)
|
|
Batting: LHB Raul Maldonado
|
0-0: Ball 1-0: Ball 2-0: SINGLE (Groundball, 4M, EV 103.1 MPH) (infield hit) Yutaka Yamane to third
|
|
Batting: RHB Manny Hensley
|
0-0: Foul Ball, location: 2F 0-1: Ball 1-1: Ball 2-1: Ball 3-1: Foul Ball, location: 2F 3-2: Foul Ball, location: 2F 3-2: SINGLE (Line Drive, 78M, EV 110.0 MPH) Yutaka Yamane scores Raul Maldonado to second Raul Maldonado to third
|
|
Batting: RHB Mark Conrad
|
0-0: Called Strike 0-1: Ball 1-1: Ball 2-1: SINGLE (Line Drive, 3D, EV 94.4 MPH) Raul Maldonado scores Manny Hensley to second
|
|
Pitching: LHP Rodolfo Valencia
|
|
|
Batting: LHB Bill Girton
|
0-0: Called Strike 0-1: Foul Ball, location: 2F 0-2: Foul Ball, location: 2F 0-2: Fly out, F9 (Flyball, 89S, EV 71.2 MPH)
|
| Bottom of the 6th over - 2 runs, 4 hits, 0 errors, 2 left on base; Louisiana State University 4 - Florida State University 6 |
| TOP OF THE 7TH |
|
Louisiana State University Tigers batting - Pitching for Florida State University Seminoles : RHP Bobby Altamirano
|
|
Batting: RHB Franklin van den Berg
|
0-0: Ball 1-0: Ball 2-0: Called Strike 2-1: Foul Ball, location: 2F 2-2: Foul Ball, location: 2F 2-2: Strikes out swinging
|
|
Batting: RHB Scott Talbot
|
0-0: Foul Ball, location: 2F 0-1: SOLO HOME RUN (Flyball, 78XD, EV 96.2 MPH), Distance : 386 ft
|
|
Pinch Hitting: RHB Alberto Bravo
|
0-0: Foul Ball, location: 2F 0-1: Called Strike 0-2: Ball 1-2: Strikes out swinging
|
|
Batting: RHB Fate Makeever
|
0-0: Called Strike 0-1: Foul Ball, location: 2F 0-2: Ball 1-2: Ball 2-2: Fly out, F9 (Flyball, 89D, EV 90.0 MPH)
|
| Top of the 7th over - 1 run, 1 hit, 0 errors, 0 left on base; Louisiana State University 5 - Florida State University 6 |
| BOTTOM OF THE 7TH |
|
Florida State University Seminoles batting - Pitching for Louisiana State University Tigers : LHP Rodolfo Valencia
|
|
Now in LF: Alberto Bravo
|
|
|
Batting: RHB Israel Quinteros
|
0-0: Foul Ball, location: 2F 0-1: Swinging Strike 0-2: Ball 1-2: Fly out, F7 (Flyball, 7S, EV 73.8 MPH)
|
|
Batting: RHB Jeremy Buck
|
0-0: Ball 1-0: Ball 2-0: Called Strike 2-1: Ball 3-1: Ground out 3-1 (Groundball, 34S, EV 81.2 MPH)
|
|
Batting: RHB Bob Buckler
|
0-0: Foul Ball, location: 2F 0-1: Fly out, F9 (Flyball, 9D, EV 88.1 MPH)
|
| Bottom of the 7th over - 0 runs, 0 hits, 0 errors, 0 left on base; Louisiana State University 5 - Florida State University 6 |
| TOP OF THE 8TH |
|
Louisiana State University Tigers batting - Pitching for Florida State University Seminoles : RHP Bobby Altamirano
|
|
Pitching: RHP Brandon Isabell
|
|
|
Pinch Hitting: RHB Mike Larson
|
0-0: Ball 1-0: Ball 2-0: Fly out, F2 (Popup, 5SF, EV 83.8 MPH)
|
|
Batting: RHB Brad Adams Jr.
|
0-0: Ball 1-0: Foul Ball, location: 2F 1-1: Ball 2-1: Swinging Strike 2-2: Strikes out swinging
|
|
Pinch Hitting: RHB David Lobacz
|
0-0: Called Strike 0-1: Called Strike 0-2: Ball 1-2: Strikes out swinging
|
| Top of the 8th over - 0 runs, 0 hits, 0 errors, 0 left on base; Louisiana State University 5 - Florida State University 6 |
| BOTTOM OF THE 8TH |
|
Florida State University Seminoles batting - Pitching for Louisiana State University Tigers : LHP Rodolfo Valencia
|
|
Pitching: LHP Ighlas Kumbuka
|
|
|
Now at 3B: Fernando Membreno
|
|
|
Now in RF: Mike Larson
|
|
|
Batting: RHB Paul Holland
|
0-0: Ball 1-0: SINGLE (Groundball, 4MD, EV 93.8 MPH) (infield hit)
|
|
Batting: RHB Yutaka Yamane
|
0-0: Bunt missed! 0-1: Bunt missed! 0-2: Foul Ball, location: 2F 0-2: Ball 1-2: Grounds into double play, 4-6-3 (Groundball, 4, EV 87.5 MPH)
|
|
Batting: LHB Raul Maldonado
|
0-0: Swinging Strike 0-1: Foul Ball, location: 2F 0-2: Strikes out looking
|
| Bottom of the 8th over - 0 runs, 1 hit, 0 errors, 0 left on base; Louisiana State University 5 - Florida State University 6 |
| TOP OF THE 9TH |
|
Louisiana State University Tigers batting - Pitching for Florida State University Seminoles : RHP Brandon Isabell
|
|
Pitching: LHP Christian Rogers
|
|
|
Now at 1B: Jai-guo Bian
|
|
|
Now at 3B: Jeremy Buck
|
|
|
Pinch Hitting: RHB Richard Saquic
|
0-0: Foul Ball, location: 2F 0-1: Ball 1-1: Ball 2-1: Ball 3-1: Foul Ball, location: 2F 3-2: Base on Balls
|
|
Pinch Hitting: SHB Noah Long
|
0-0: SINGLE (Line Drive, 9S, EV 106.2 MPH) Richard Saquic to second
|
|
Pinch Hitting: RHB Bill Crogan
|
0-0: Called Strike 0-1: Swinging Strike 0-2: Fielders Choice at 2nd, 6-4 (Groundball, 6, EV 103.8 MPH) Richard Saquic to third
|
|
Batting: RHB Scott Talbot
|
0-0: Called Strike 0-1: Swinging Strike 0-2: Ball 1-2: Ball 2-2: Foul Ball, location: 2F 2-2: Ball 3-2: Foul Ball, location: 2F 3-2: Base on Balls Bill Crogan to second
|
|
Batting: RHB Alberto Bravo
|
0-0: Called Strike 0-1: Called Strike 0-2: Ball 1-2: Strikes out looking
|
|
Batting: RHB Fate Makeever
|
0-0: Called Strike 0-1: Ball 1-1: Ball 2-1: Fielders Choice at 2nd, 5-4 (Groundball, 5, EV 80.0 MPH)
|
| Top of the 9th over - 0 runs, 1 hit, 0 errors, 3 left on base; Louisiana State University 5 - Florida State University 6 |
|